Map: Catalyst LE

Players

chknNwaffles

  • Race: Terran Terran
  • League: Diamond
  • Spawn Location: 11:00

Uberpwnzorz - Winner!

  • Race: Zerg Zerg
  • League: Diamond
  • Spawn Location: 5:00

VOD

Have the link to the VOD?

Description

Time

  • Played on: April 13, 2018, 2:12 a.m.
  • Length: 12:55
Show
View Real Time Build Order
Export as new Build Order

chknNwaffles Terran 

Build Orders: Reaper Expand, Hellion Banshee, Mech 

Get SALT Encoding   

  12  0:02  SCV  
  13  0:14  SCV  
  14  0:17  Supply Depot  
  14  0:26  Refinery  
  14  0:29  SCV  
  15  0:42  SCV  
  16  0:48  Barracks  
  16  0:56  SCV  
  17  1:08  SCV  
  18  1:20  SCV  
  19  1:36  Orbital Command  
  19  1:37  Reaper  
  20  1:50  Command Center  
  20  2:02  SCV  
  21  2:09  Marine  
  21  2:11  Factory  
  22  2:17  Supply Depot  
  22  2:20  SCV  
  23  2:24  Refinery  
  23  2:29  Barracks Reactor  
  23  2:39  SCV  
  24  2:51  SCV  
  25  3:00  Starport  
  25  3:04  Orbital Command, SCV  
  26  3:16  Hellion  
  26  3:17  Barracks Tech Lab, Hellion, SCV  
  31  3:29  SCV  
  31  3:31  Supply Depot  
  32  3:35  SCV  
  32  3:40  Hellion x2  
  37  3:45  SCV  
  37  3:47  SCV  
  39  3:50  Supply Depot  
  39  3:51  Banshee  
  39  3:52  Cloaking Field  
  42  3:58  SCV  
  43  4:07  SCV  
  43  4:09  Barracks Tech Lab  
  44  4:14  Factory  
  44  4:17  SCV  
  44  4:19  Factory Tech Lab  
  45  4:28  Factory  
  45  4:35  Command Center  
  46  4:38  SCV  
  46  4:40  SCV  
  46  4:41  Refinery  
  45  4:57  Siege Tank  
  45  4:59  Hellion x2  
  47  5:04  SCV x2  
  44  5:25  SCV x2  
  44  5:26  Hellion x2  
  50  5:31  Engineering Bay  
  50  5:32  Siege Tank  
  50  5:34  Refinery  
  53  5:42  SCV x2  
  55  5:47  Starport Reactor  
  55  5:48  Orbital Command  
  55  5:54  SCV x2  
  55  5:56  Supply Depot  
  57  5:58  Supply Depot  
  57  6:00  Missile Turret x2  
  57  6:03  Hellion x2  
  61  6:06  Siege Tank x2  
  61  6:08  SCV x2  
  69  6:19  Orbital Command  
  69  6:29  Hellion x2  
  69  6:30  Viking x2  
  77  6:35  SCV x2  
  79  6:42  Command Center  
  79  6:45  Siege Tank  
  82  6:47  SCV x2  
  82  6:51  SCV  
  82  6:53  Refinery  
  85  6:57  Supply Depot  
  85  6:58  Hellion x2  
  85  6:59  Supply Depot, SCV x2  
  91  7:01  Armory  
  91  7:05  SCV  
  92  7:19  Siege Tank  
  95  7:27  Hellion x2, Siege Tank  
  95  7:28  Viking x2  
  106  7:38  Refinery  
  106  7:40  Supply Depot  
  106  7:41  SCV x2  
  106  7:42  Supply Depot  
  108  7:53  Command Center  
  108  7:54  Hellion x2, Siege Tank  
  108  7:56  Supply Depot, Terran Vehicle Weapons Level 1  
  115  8:00  Viking  
  115  8:01  Viking  
  119  8:06  SCV  
  119  8:07  SCV x2  
  122  8:17  Sensor Tower  
  122  8:18  SCV  
  122  8:19  Hellion x2, SCV x2  
  129  8:21  Siege Tank  
  129  8:26  Missile Turret  
  132  8:32  Missile Turret x2  
  132  8:34  Orbital Command  
  132  8:37  Missile Turret  
  132  8:38  Siege Tank  
  135  8:46  Hellion x2  
  131  9:13  SCV  
  132  9:18  Starport  
  132  9:22  Starport  
  132  9:23  SCV x3  
  135  9:29  Armory  
  135  9:32  Hellion x2  
  135  9:33  Thor  
  135  9:34  Thor  
  151  9:46  Missile Turret x2  
  151  9:51  Missile Turret  
  135  10:08  Planetary Fortress  
  135  10:16  Siege Tank  
  138  10:22  Hellion x2, Siege Tank  
  138  10:25  Viking  
  138  10:27  Viking  
  138  10:28  Refinery  
  152  10:29  Refinery  
  152  10:31  Starport  
  152  10:32  Factory  
  152  10:45  Factory  
  152  10:48  Siege Tank  
  145  11:02  Hellion, Siege Tank  
  147  11:07  Starport Reactor  
  147  11:09  Factory  
  147  11:16  Starport Tech Lab  
  147  11:20  Missile Turret  
  147  11:21  Missile Turret  
  147  11:22  Missile Turret  
  147  11:26  Missile Turret  
  139  11:35  Hellion x2, Siege Tank  
  139  11:37  Viking, Banshee  
  109  12:03  Hellion x2  
  109  12:04  Factory Tech Lab, Command Center  
  109  12:05  Command Center  
  109  12:06  Factory Reactor  
  109  12:07  Factory Tech Lab, Siege Tank  
  116  12:09  Starport Tech Lab  
  116  12:10  Viking x2  
  116  12:12  Command Center  
  116  12:13  Command Center  
  120  12:16  SCV x2  
  122  12:28  Hellion  
Show
View Real Time Build Order
Export as new Build Order

Uberpwnzorz Zerg - Winner!

Build Orders: Hatch First, Swarm Host 

Get SALT Encoding   

  12  0:01  Drone  
  13  0:12  Overlord  
  13  0:17  Drone  
  14  0:31  Drone x2  
  14  0:34  Drone  
  17  0:55  Hatchery  
  16  1:06  Drone x2  
  18  1:20  Extractor  
  18  1:23  Spawning Pool  
  18  1:24  Drone x2  
  18  1:31  Drone  
  19  1:43  Overlord  
  19  2:03  Drone  
  20  2:09  Queen  
  20  2:10  Queen  
  20  2:11  Zergling x4  
  26  2:22  Hatchery  
  24  2:57  Drone  
  24  2:58  Drone x5  
  30  3:08  Overlord  
  30  3:09  Drone  
  30  3:11  Metabolic Boost  
  31  3:14  Pneumatized Carapace  
  31  3:36  Overlord  
  31  3:37  Overlord  
  31  3:38  Overlord  
  31  3:40  Drone x6  
  37  3:57  Extractor  
  37  3:58  Drone  
  37  3:59  Drone x6  
  43  4:04  Zergling x4  
  43  4:05  Queen  
  43  4:06  Extractor  
  43  4:08  Spore Crawler  
  45  4:10  Spore Crawler  
  45  4:11  Zergling x2  
  46  4:18  Spore Crawler  
  46  4:23  Zergling x12  
  46  4:24  Zergling x2  
  52  4:39  Zergling x10  
  52  4:41  Queen  
  48  5:17  Queen  
  48  5:20  Drone  
  48  5:21  Drone x10  
  58  5:25  Lair  
  58  5:34  Extractor  
  58  5:35  Extractor  
  56  5:36  Extractor  
  55  5:47  Roach Warren  
  54  5:50  Hatchery  
  54  5:51  Evolution Chamber x2  
  54  5:52  Extractor  
  54  5:53  Queen  
  52  6:01  Drone x11  
  52  6:03  Overlord x3  
  63  6:37  Infestation Pit  
  63  6:38  Zerg Missile Weapons Level 1, Zerg Ground Armor Level 1  
  63  6:39  Roach  
  70  6:40  Overlord x2, Roach x4  
  70  6:41  Overlord x3  
  72  7:16  Swarm Host  
  72  7:17  Swarm Host x7  
  72  7:20  Drone x6  
  72  7:21  Spore Crawler  
  101  7:39  Nydus Network  
  100  7:48  Drone x4  
  100  7:49  Drone x8  
  112  8:00  Drone x7  
  112  8:04  Drone x2  
  122  8:05  Drone  
  122  8:07  Drone  
  123  8:33  Nydus Canal  
  123  8:48  Hydralisk Den  
  118  9:15  Extractor  
  111  9:17  Extractor  
  111  9:20  Hydralisk x9  
  111  9:21  Overlord  
  111  9:22  Overlord x5  
  128  9:30  Nydus Canal  
  128  9:40  Swarm Host  
  128  9:41  Swarm Host x8  
  155  10:13  Overlord x4  
  155  10:19  Nydus Canal  
  155  10:33  Hydralisk x11  
  177  11:07  Nydus Canal  
  177  11:09  Hydralisk x11  
  190  11:42  Hydralisk x5  
  176  11:57  Spire  
  175  12:08  Roach Warren  
  174  12:23  Overseer  
Tags
 
Add a new tag
Caveats
  • Supply blocks, unpowered buildings, or Contaminate may cause inaccurate times.
  • Supply counts are checked every 10 seconds.